 Dungeon Crawl Stone Soup version 0.28.0-45-g0d030f2227 (webtiles) character file.

Game seed: 15153399422209931534

19 zeratav the Caller (level 2, -1/15 HPs)
             Began as a Tengu Summoner on Apr 13, 2022.
             Slain by an adder (3 damage)
             ... on level 2 of the Dungeon.
             The game lasted 00:02:14 (1352 turns).

zeratav the Caller (Tengu Summoner)                 Turns: 1352, Time: 00:02:15

Health: -1/15      AC:  2    Str:  8    XL:     2   Next: 75%
Magic:  1/6        EV: 12    Int: 15    God:
Gold:   107        SH:  0    Dex: 14    Spells: 4/5 levels left

rFire   . . .      SeeInvis .   f - +0 club {mace}
rCold   . . .      Faith    .   (no shield)
rNeg    . . .      Spirit   .   a - +0 robe
rPois   .          Reflect  .   (helmet restricted)
rElec   .          Harm     .   (no cloak)
rCorr   .          Rampage  .   (no gloves)
Will    .....                   (boots unavailable)
Stlth   ++........              (no amulet)
HPRegen 0.05/turn               (no ring)
MPRegen 0.10/turn               (no ring)

@: no status effects
A: beak, talons 3
a: no special abilities


You were on level 2 of the Dungeon.
You visited 1 branch of the dungeon, and saw 2 of its levels.

You collected 107 gold pieces.


Innate Abilities, Weirdness & Mutations

You have a beak for a mouth.
You have claws for feet.


   Skills:
 - Level 2.1 Dodging
 - Level 2.0 Stealth
 + Level 2.3 Spellcasting
 * Level 5.5 Summonings


You had 4 spell levels left.
You knew the following spells:

 Your Spells              Type           Power      Damage    Failure   Level
a - Summon Small Mammal   Summ           72%        N/A       2%          1

Your spell library contained the following spells:

 Spells                   Type           Power      Damage    Failure   Level
 Call Imp                 Summ           18%        N/A       3%          2
 Call Canine Familiar     Summ           18%        N/A       7%          3
 Summon Guardian Golem    Hex/Summ       10%        N/A       21%         3
 Summon Lightning Spire   Summ/Air       10%        N/A       56%         4

Inventory:

Hand Weapons
 f - a +0 club (weapon) {mace}
   (You took it off a goblin on level 1 of the Dungeon)
Armour
 a - a +0 robe (worn)
Scrolls
 c - a scroll of teleportation {unknown}
 e - a scroll of torment {unknown}
Potions
 b - a potion of invisibility {unknown}
 d - 3 potions of curing {unknown}
 g - 2 potions of brilliance {unknown}
 h - a potion of might {unknown}

Dungeon Overview and Level Annotations

Branches:
Dungeon (2/15)

Altars:

#.#.#).....#####.##
.........#.........
#.#.###..#######.#.
. #.###..# #......#
#####'## #$ ##...##
#. ##.....## ##.#
##@......#
###...####S........#
.....!...rr........+
###................#
#....##.##........##
#.#.....##[#.....##
#...$#####.##...##
##.#. #.# #+## # #.
#.#


You could see an adder (ally target) and 2 friendly quokkas.


Message History

What are your orders? t - Shout!
Orders for allies: a - Attack new target. r - Retreat! s - Stop attacking. g - Guard the area. f - Follow me.
Anything else - Cancel.
Gang up on whom?
Press: ? - help, Dir - move target, f - adder
Aim: an adder (asleep, ally target) Attack!
Your quokka bites the adder!
The adder bites your quokka.
Your quokka is poisoned.
The adder poisons your quokka! The adder bites your quokka.
Your quokka barely misses the adder.
The adder barely misses your quokka.
Your quokka bites the adder.
Your quokka dies!
Your quokka's corpse disappears in a puff of smoke!
MP[+1]
You swap places.
Your bat closely misses the adder. x2
The adder misses your bat.
Casting: Summon Small Mammal (safe; 2% risk of failure)
Confirm with . or Enter, or press ? or * to list all spells.
Your bat closely misses the adder.
The adder closely misses you.
MP[-1]
You lost 1 mp, and now have 3/6 mp.
Casting: Summon Small Mammal (safe; 2% risk of failure)
Confirm with . or Enter, or press ? or * to list all spells.
Your bat disappears in a puff of smoke!
The adder bites you.
You are poisoned.
The adder poisons you!
HP[-3] MP[-1]
You take 3 damage, and now have 12/15 hp.
You lost 1 mp, and now have 2/6 mp.
You swap places.
You feel sick.
Your bat closely misses the adder.
HP[-1]
You take 1 damage, and now have 11/15 hp.
You feel sick. The adder closely misses you. The adder bites you.
HP[-2]
You take 2 damage, and now have 9/15 hp.
You swap places.
You feel sick.
Your bat barely misses the adder.
The adder completely misses your bat.
HP[-1]
You take 1 damage, and now have 8/15 hp.
You feel sick.
You are no longer poisoned.
Your bat misses the adder. The adder barely misses your bat.
HP[-1]
You take 1 damage, and now have 7/15 hp.
What are your orders? t - Shout!
Orders for allies: a - Attack new target. p - Attack previous target. r - Retreat! s - Stop attacking. g - Guard the area. f - Follow me.
Anything else - Cancel.
Gang up on whom?
Press: ? - help, Dir - move target, f/p - adder
Aim: an adder (severely wounded, ally target) Attack!
Your bat barely misses the adder.
The adder bites your bat.
Your bat dies!
Your bat's corpse disappears in a puff of smoke!
The adder closely misses your quokka. The adder misses your quokka.
Your quokka misses the adder. The adder bites your quokka.
Your quokka is poisoned.
The adder poisons your quokka!
Your quokka barely misses the adder.
MP[+1]
The adder closely misses your quokka.
Your quokka misses the adder. The adder bites your quokka.
Your quokka dies!
Your quokka's corpse disappears in a puff of smoke!
Casting: Summon Small Mammal (safe; 2% risk of failure)
Confirm with . or Enter, or press ? or * to list all spells.
MP[-1]
You lost 1 mp, and now have 2/6 mp.
Casting: Summon Small Mammal (safe; 2% risk of failure)
Confirm with . or Enter, or press ? or * to list all spells.
The adder closely misses you.
MP[-1]
You lost 1 mp, and now have 1/6 mp.
Your quokka closely misses the adder.
The adder bites you.
* * * LOW HITPOINT WARNING * * *
Your quokka closely misses the adder.
HP[-5]
You take 5 damage, and now have 2/15 hp.
MASSIVE DAMAGE!! (PAUSE)
Your quokka barely misses the adder.
What are your orders? t - Shout!
Orders for allies: a - Attack new target. p - Attack previous target. r - Retreat! s - Stop attacking. g - Guard the area. f - Follow me.
Anything else - Cancel.
Gang up on whom?
Press: ? - help, Dir - move target, f/p - adder
Aim: an adder (heavily wounded, ally target) Attack!
The adder misses you.
Your quokka misses the adder. You barely miss the adder.
The adder barely misses you.
Your quokka misses the adder. x2; The adder bites you.
You die...

Skill      XL: |  1 |
---------------+----+-----
Summonings     | 5 |  5.5
Dodging        | |  2.1
Stealth        | |  2.0
Spellcasting   | |  2.3

Action                   || total
-------------------------++-------
Melee: Club              ||     1
 Cast: Summon Small Mamm ||    40
Armor: Robe              ||     2
Dodge: Dodged            ||    13

Levels and vault maps discovered:
D:1:      ncdulo_smallfort, layout_loops_ring,
          shapermc_ecumenical_altar_flowoftime, minmay_misc_feat_iff,
          minivault_23
D:2:      layout_loops_corners, minmay_misc_feat_rows

Notes
Turn   | Place    | Note
-------+----------+-------------------------------------------
     0 | D:1      | zeratav the Tengu Summoner began the quest for the Orb.
     0 | D:1      | Reached XP level 1. HP: 10/10 MP: 4/4
     0 | D:1      | magus.rc [v1.9.6]
    44 | D:1      | Reached skill level 5 in Summonings
   363 | D:1      | Reached XP level 2. HP: 15/15 MP: 3/6
   810 | D:1      | Found a faded altar of an unknown god.
  1349 | D:2      | HP: 2/15 [adder (5)]
  1352 | D:2      | Slain by an adder

Vanquished Creatures (collateral kills)
  A dart slug (D:1)
  2 bats (D:1)
  2 endoplasms (D:1)
  2 giant cockroaches (D:1)
  A goblin (D:1)
  A hobgoblin (D:1)
  A kobold (D:1)
  A quokka (D:1)
  2 ball pythons (D:1)
  2 rats
15 creatures vanquished.

Table legend:
 A = Non-vault XP
 B = Vault XP
 C = Vault XP percentage of total XP
 D = Non-vault monster count
 E = Vault monster count
 F = Vault count percentage of total count
                 A         B        C        D         E       F
            +---------+---------+-------+---------+---------+-------
      Total |      28 |       0 |   0.0 |      15 |       0 |   0.0
            +---------+---------+-------+---------+---------+-------
        D:1 |      27 |       0 |   0.0 |      14 |       0 |   0.0
        D:2 |       1 |       0 |   0.0 |       1 |       0 |   0.0
            +---------+---------+-------+---------+---------+-------

Illustrated notes

Table legend:
 A = Kills in this place as a percentage of kills in entire the game.
 B = Kills by you in this place as a percentage of kills by you in the entire game.
 C = Kills by friends in this place as a percentage of kills by friends in the entire game.
 D = Other kills in this place as a percentage of other kills in the entire game.
 E = Experience gained in this place as a percentage of experience gained in the entire game.
 F = Experience gained in this place divided by the number of levels of this place that you have seen.
                   A       B       C       D       E      F
               +-------+-------+-------+-------+-------+----------------------
         Total | 100.0 |   N/A | 100.0 |   N/A | 100.0 |  14.0
       Dungeon | 100.0 |   N/A | 100.0 |   N/A | 100.0 |  14.0
               +-------+-------+-------+-------+-------+----------------------

Table legend: (Time is in decaauts)
 A = Elapsed time spent in this place.
 B = Non-inter-level travel time spent in this place.
 C = Inter-level travel time spent in this place.
 D = Time resting spent in this place.
 E = Time spent auto-exploring this place.
 F = Levels seen in this place.
 G = Mean time per level.
                   A        B        C        D        E       F      G
               +--------+--------+--------+--------+--------+-----+--------+
         Total |   1351 |   1329 |     22 |    155 |   1016 |   2 |  675.5 |
       Dungeon |   1351 |   1329 |     22 |    155 |   1016 |   2 |  675.5 |
               +--------+--------+--------+--------+--------+-----+--------+

Top non-repeatable levels by time:
     D:1: 1114 daAuts
     D:2: 236 daAuts
